TOP OF THE 1ST |
Jacksonville Suns batting - Pitching for Tennessee Smokies : RHP Bob Gilliam
|
Pitching: RHP Bob Gilliam
|
|
Batting: LHB Jose Bregaro
|
0-0: Foul Ball, location: 2F 0-1: Ball 1-1: DOUBLE (Groundball, 3L, EV 104.4 MPH)
|
Batting: LHB Mike Kara
|
0-0: Foul Ball, location: 2F 0-1: Foul Ball, location: 2F 0-2: Ball 1-2: Ball 2-2: Foul Ball, location: 2F 2-2: Strikes out swinging
|
Batting: LHB Chris Jonas
|
0-0: Ball Jose Bregaro steals 3rd base 1-0: Ball 2-0: Ball 3-0: Called Strike 3-1: Base on Balls
|
Batting: RHB Chris Lee
|
0-0: SINGLE (Groundball, 6S, EV 67.5 MPH) (infield hit) Jose Bregaro scores Chris Jonas to second
|
Batting: RHB Shelby Peddle
|
0-0: Ball 1-0: Called Strike 1-1: Swinging Strike 1-2: Strikes out swinging
|
Batting: RHB Tommy Hughes
|
0-0: Swinging Strike 0-1: Called Strike 0-2: Ball 1-2: Strikes out swinging
|
Top of the 1st over - 1 run, 2 hits, 0 errors, 2 left on base; Jacksonville 1 - Tennessee 0 |
BOTTOM OF THE 1ST |
Tennessee Smokies batting - Pitching for Jacksonville Suns : RHP Wei-guo Tsu
|
Pitching: RHP Wei-guo Tsu
|
|
Batting: RHB Brian Gargis
|
0-0: Ball 1-0: Called Strike 1-1: Ground out 3-1 (Groundball, 34, EV 103.8 MPH)
|
Batting: LHB Brent Dutcher
|
0-0: Swinging Strike 0-1: Ball 1-1: Ground out 5-3 (Groundball, 5, EV 91.9 MPH)
|
Batting: RHB Heitaro Tanaka
|
0-0: Foul Ball, location: 2F 0-1: Ball 1-1: Called Strike 1-2: Ball 2-2: Foul Ball, location: 2F 2-2: Foul Ball, location: 2F 2-2: Strikes out looking
|
Bottom of the 1st over - 0 runs, 0 hits, 0 errors, 0 left on base; Jacksonville 1 - Tennessee 0 |
TOP OF THE 2ND |
Jacksonville Suns batting - Pitching for Tennessee Smokies : RHP Bob Gilliam
|
Batting: LHB Juan Solorzano
|
0-0: Foul Ball, location: 2F 0-1: Foul Ball, location: 2F 0-2: Foul Ball, location: 2F 0-2: Foul Ball, location: 2F 0-2: Strikes out swinging
|
Batting: RHB Katsutaka Inouye
|
0-0: Foul Ball, location: 2F 0-1: Called Strike 0-2: Ball 1-2: Ball 2-2: Foul Ball, location: 2F 2-2: Fly out, F3 (Popup, 23F, EV 88.8 MPH)
|
Batting: RHB Pi-ao Xú
|
0-0: Ground out 6-3 (Groundball, 6MS, EV 61.2 MPH)
|
Top of the 2nd over - 0 runs, 0 hits, 0 errors, 0 left on base; Jacksonville 1 - Tennessee 0 |
BOTTOM OF THE 2ND |
Tennessee Smokies batting - Pitching for Jacksonville Suns : RHP Wei-guo Tsu
|
Batting: RHB Bobby Gray
|
0-0: Ball 1-0: Ball 2-0: Ground out 6-3 (Groundball, 6, EV 101.2 MPH)
|
Batting: RHB Brian Warren
|
0-0: Ball 1-0: Ball 2-0: Called Strike 2-1: Foul Ball, location: 2F 2-2: Ball 3-2: Foul Ball, location: 2F 3-2: Fly out, F5 (Flyball, 56D, EV 91.2 MPH)
|
Batting: RHB Nick Kleckner
|
0-0: Called Strike 0-1: Foul Ball, location: 2F 0-2: Foul Ball, location: 2F 0-2: Foul Ball, location: 2F 0-2: Ball 1-2: Ball 2-2: Ball 3-2: Base on Balls
|
Batting: RHB Adam Kelliher
|
0-0: Called Strike 0-1: Ball 1-1: SINGLE (Flyball, 3D, EV 93.1 MPH) Nick Kleckner to second
|
Batting: RHB Dylan Burke
|
0-0: Ball 1-0: Called Strike 1-1: Fly out, F9 (Flyball, 9LS, EV 73.1 MPH)
|
Bottom of the 2nd over - 0 runs, 1 hit, 0 errors, 2 left on base; Jacksonville 1 - Tennessee 0 |
TOP OF THE 3RD |
Jacksonville Suns batting - Pitching for Tennessee Smokies : RHP Bob Gilliam
|
Batting: LHB Jose Bregaro
|
0-0: Ball 1-0: SOLO HOME RUN (Flyball, 9LD, EV 88.8 MPH), Distance : 328 ft
|
Batting: LHB Mike Kara
|
0-0: Called Strike 0-1: Ball 1-1: Ground out 3-1 (Groundball, 34, EV 89.4 MPH)
|
Batting: LHB Chris Jonas
|
0-0: Ball 1-0: Ball 2-0: Foul Ball, location: 2F 2-1: Foul Ball, location: 2F 2-2: Foul Ball, location: 2F 2-2: Foul Ball, location: 2F 2-2: Ground out U3 (Groundball, 34S, EV 83.8 MPH)
|
Batting: RHB Chris Lee
|
0-0: Fly out, F3 (Line Drive, 3, EV 63.1 MPH)
|
Top of the 3rd over - 1 run, 1 hit, 0 errors, 0 left on base; Jacksonville 2 - Tennessee 0 |
BOTTOM OF THE 3RD |
Tennessee Smokies batting - Pitching for Jacksonville Suns : RHP Wei-guo Tsu
|
Batting: RHB John Iddings
|
0-0: Ground out 6-3 (Groundball, 6, EV 89.4 MPH)
|
Batting: RHB Brian Gargis
|
0-0: Ground out 1-3 (Groundball, 15S, EV 69.4 MPH)
|
Batting: LHB Brent Dutcher
|
0-0: Ball 1-0: Ball 2-0: Called Strike 2-1: Swinging Strike 2-2: Ball 3-2: Strikes out swinging
|
Bottom of the 3rd over - 0 runs, 0 hits, 0 errors, 0 left on base; Jacksonville 2 - Tennessee 0 |
TOP OF THE 4TH |
Jacksonville Suns batting - Pitching for Tennessee Smokies : RHP Bob Gilliam
|
Batting: RHB Shelby Peddle
|
0-0: Called Strike 0-1: Ground out 6-3 (Groundball, 6, EV 83.8 MPH)
|
Batting: RHB Tommy Hughes
|
0-0: Foul Ball, location: 2F 0-1: SINGLE (Groundball, 6MD, EV 93.8 MPH)
|
Batting: LHB Juan Solorzano
|
0-0: Fielders Choice at 2nd, 5-4 (Groundball, 5, EV 77.5 MPH)
|
Batting: RHB Katsutaka Inouye
|
0-0: Swinging Strike 0-1: Swinging Strike 0-2: Ball 1-2: Foul Ball, location: 2F 1-2: Strikes out swinging
|
Top of the 4th over - 0 runs, 1 hit, 0 errors, 1 left on base; Jacksonville 2 - Tennessee 0 |
BOTTOM OF THE 4TH |
Tennessee Smokies batting - Pitching for Jacksonville Suns : RHP Wei-guo Tsu
|
Batting: RHB Heitaro Tanaka
|
0-0: Foul Ball, location: 2F 0-1: Reached on error, E5 (Groundball, 56S, EV 87.5 MPH)
|
Batting: RHB Bobby Gray
|
0-0: Ball Wild Pitch! Heitaro Tanaka to second 1-0: Swinging Strike 1-1: Ball 2-1: Ground out 6-3 (Groundball, 6, EV 76.2 MPH)
|
Pitching: RHP Matt Murray
|
|
Batting: RHB Brian Warren
|
0-0: Called Strike 0-1: Swinging Strike 0-2: Foul Ball, location: 2F 0-2: Ball 1-2: Foul Ball, location: 2F 1-2: Strikes out swinging
|
Batting: RHB Nick Kleckner
|
0-0: Foul Ball, location: 2F 0-1: Ball 1-1: Ball 2-1: SINGLE (Line Drive, 8RS, EV 91.2 MPH) Heitaro Tanaka to third Runner from 3rd tries for Home, throw by CF and OUT! 8-2
|
Bottom of the 4th over - 0 runs, 1 hit, 1 error, 1 left on base; Jacksonville 2 - Tennessee 0 |
TOP OF THE 5TH |
Jacksonville Suns batting - Pitching for Tennessee Smokies : RHP Bob Gilliam
|
Batting: RHB Pi-ao Xú
|
0-0: Foul Ball, location: 2F 0-1: Swinging Strike 0-2: Ball 1-2: Ball 2-2: Ball 3-2: Ground out 6-3 (Groundball, 56D, EV 86.2 MPH)
|
Pitching: LHP Mike Alexander
|
|
Batting: LHB Jose Bregaro
|
0-0: Ball 1-0: Foul Ball, location: 2F 1-1: Ball 2-1: Ball 3-1: Base on Balls
|
Batting: LHB Mike Kara
|
0-0: Ball 1-0: Called Strike Jose Bregaro is caught stealing 2nd base 2-6 1-1: Foul Ball, location: 2F 1-2: Foul Ball, location: 2F 1-2: SINGLE (Line Drive, 89S, EV 108.1 MPH)
|
Batting: LHB Chris Jonas
|
0-0: Called Strike Mike Kara steals 2nd base 0-1: Swinging Strike 0-2: Ball 1-2: Ball 2-2: Fly out, F3 (Line Drive, 3, EV 68.8 MPH)
|
Top of the 5th over - 0 runs, 1 hit, 0 errors, 1 left on base; Jacksonville 2 - Tennessee 0 |
BOTTOM OF THE 5TH |
Tennessee Smokies batting - Pitching for Jacksonville Suns : RHP Matt Murray
|
Batting: RHB Adam Kelliher
|
0-0: Fly out, F9 (Flyball, 9S, EV 96.2 MPH)
|
Batting: RHB Dylan Burke
|
0-0: Called Strike 0-1: Foul Ball, location: 2F 0-2: Strikes out swinging
|
Batting: RHB John Iddings
|
0-0: Reached on error, E5 (Groundball, 5, EV 85.0 MPH)
|
Batting: RHB Brian Gargis
|
0-0: DOUBLE (Flyball, 78D, EV 100.0 MPH) John Iddings to third Runner from 3rd tries for Home, SAFE, throw by LF to home
|
Batting: LHB Brent Dutcher
|
0-0: Called Strike 0-1: Ball 1-1: SINGLE (Groundball, 34S, EV 63.8 MPH) (infield hit) Brian Gargis to third
|
Batting: RHB Heitaro Tanaka
|
0-0: Called Strike 0-1: Ball 1-1: Foul Ball, location: 2F 1-2: Strikes out looking
|
Bottom of the 5th over - 1 run, 2 hits, 1 error, 2 left on base; Jacksonville 2 - Tennessee 1 |
TOP OF THE 6TH |
Jacksonville Suns batting - Pitching for Tennessee Smokies : LHP Mike Alexander
|
Batting: RHB Chris Lee
|
0-0: Called Strike 0-1: SOLO HOME RUN (Line Drive, 7D, EV 100.6 MPH), Distance : 405 ft
|
Batting: RHB Shelby Peddle
|
0-0: Ball 1-0: Foul Ball, location: 2F 1-1: Called Strike 1-2: SINGLE (Line Drive, 89M, EV 108.8 MPH)
|
Batting: RHB Tommy Hughes
|
0-0: Called Strike 0-1: SINGLE (Line Drive, 4M, EV 99.4 MPH) Shelby Peddle to second Shelby Peddle to third
|
Batting: LHB Juan Solorzano
|
0-0: Swinging Strike 0-1: Ball 1-1: Ball 2-1: Foul Ball, location: 2F 2-2: Ball 3-2: Foul Ball, location: 2F 3-2: Base on Balls Tommy Hughes to second
|
Batting: RHB Katsutaka Inouye
|
0-0: Called Strike 0-1: Called Strike 0-2: Ball 1-2: Strikes out swinging
|
Batting: RHB Pi-ao Xú
|
0-0: Called Strike 0-1: Swinging Strike 0-2: Strikes out looking and he ARGUES THE CALL AND IS TOSSED!
|
Batting: LHB Jose Bregaro
|
0-0: Foul Ball, location: 2F 0-1: Ball 1-1: Swinging Strike 1-2: Ball 2-2: Foul Ball, location: 2F 2-2: Foul Ball, location: 2F 2-2: Ground out 2-3 (Groundball, 13S, EV 66.9 MPH)
|
Top of the 6th over - 1 run, 3 hits, 0 errors, 3 left on base; Jacksonville 3 - Tennessee 1 |
BOTTOM OF THE 6TH |
Tennessee Smokies batting - Pitching for Jacksonville Suns : RHP Matt Murray
|
Now at 3B: Gustavo Patella
|
|
Batting: RHB Bobby Gray
|
0-0: Ball 1-0: Foul Ball, location: 2F 1-1: Ball 2-1: Foul Ball, location: 2F 2-2: Foul Ball, location: 2F 2-2: Foul Ball, location: 2F 2-2: Ground out 6-3 (Groundball, 6, EV 87.5 MPH)
|
Batting: RHB Brian Warren
|
0-0: Ball 1-0: Ball 2-0: Ball 3-0: Called Strike 3-1: Foul Ball, location: 2F 3-2: Strikes out swinging
|
Batting: RHB Nick Kleckner
|
0-0: Ball 1-0: Called Strike 1-1: Ball 2-1: Swinging Strike 2-2: Foul Ball, location: 2F 2-2: Ball 3-2: Base on Balls
|
Pitching: RHP Stefan Snel
|
|
Batting: RHB Adam Kelliher
|
0-0: Foul Ball, location: 2F 0-1: Ball Passed Ball! Nick Kleckner to second 1-1: Foul Ball, location: 2F 1-2: Strikes out swinging
|
Bottom of the 6th over - 0 runs, 0 hits, 0 errors, 1 left on base; Jacksonville 3 - Tennessee 1 |
TOP OF THE 7TH |
Jacksonville Suns batting - Pitching for Tennessee Smokies : LHP Mike Alexander
|
Pitching: RHP Arnaldo Cardamenho
|
|
Batting: LHB Mike Kara
|
0-0: Ground out 4-3 (Groundball, 4M, EV 83.8 MPH)
|
Batting: LHB Chris Jonas
|
0-0: Called Strike 0-1: Ball 1-1: Ball 2-1: Foul Ball, location: 2F 2-2: Ball 3-2: Foul Ball, location: 2F 3-2: Base on Balls
|
Batting: RHB Chris Lee
|
0-0: Swinging Strike 0-1: Swinging Strike 0-2: Strikes out looking
|
Batting: RHB Shelby Peddle
|
0-0: Ground out 5-3 (Groundball, 5S, EV 94.4 MPH)
|
Top of the 7th over - 0 runs, 0 hits, 0 errors, 1 left on base; Jacksonville 3 - Tennessee 1 |
BOTTOM OF THE 7TH |
Tennessee Smokies batting - Pitching for Jacksonville Suns : RHP Stefan Snel
|
Batting: RHB Dylan Burke
|
0-0: Ball 1-0: Called Strike 1-1: Reached on error, E6 (Groundball, 56, EV 103.8 MPH)
|
Batting: RHB John Iddings
|
0-0: Grounds into double play, 5-4-3 (Groundball, 56S, EV 95.0 MPH)
|
Batting: RHB Brian Gargis
|
0-0: Ball 1-0: Called Strike 1-1: Foul Ball, location: 2F 1-2: Foul Ball, location: 2F 1-2: Foul Ball, location: 2F 1-2: Strikes out looking
|
Bottom of the 7th over - 0 runs, 0 hits, 1 error, 0 left on base; Jacksonville 3 - Tennessee 1 |
TOP OF THE 8TH |
Jacksonville Suns batting - Pitching for Tennessee Smokies : RHP Arnaldo Cardamenho
|
Batting: RHB Tommy Hughes
|
0-0: Ball 1-0: Ball 2-0: Foul Ball, location: 2F 2-1: Swinging Strike 2-2: Strikes out swinging
|
Batting: LHB Juan Solorzano
|
0-0: Ball 1-0: Ball 2-0: Swinging Strike 2-1: Foul Ball, location: 2F 2-2: Strikes out swinging
|
Pitching: RHP Jean-Paul Lefebvre
|
|
Batting: RHB Katsutaka Inouye
|
0-0: Ball 1-0: Fly out, F9 (Line Drive, 9, EV 84.4 MPH)
|
Top of the 8th over - 0 runs, 0 hits, 0 errors, 0 left on base; Jacksonville 3 - Tennessee 1 |
BOTTOM OF THE 8TH |
Tennessee Smokies batting - Pitching for Jacksonville Suns : RHP Stefan Snel
|
Pitching: LHP Geoff Goss
|
|
Batting: LHB Brent Dutcher
|
0-0: Foul Ball, location: 2F 0-1: Ball 1-1: SINGLE (Flyball, 34D, EV 95.0 MPH)
|
Batting: RHB Heitaro Tanaka
|
0-0: Ball 1-0: Foul Ball, location: 2F 1-1: Ball 2-1: Fly out, F5 (Popup, 56, EV 65.0 MPH)
|
Pitching: RHP Javy Balderrama
|
|
Batting: RHB Bobby Gray
|
0-0: Ball 1-0: Called Strike 1-1: Swinging Strike 1-2: Fly out, F6 (Flyball, 56D, EV 83.8 MPH)
|
Batting: RHB Brian Warren
|
0-0: Ball 1-0: Called Strike 1-1: Ground out 5-3 (Groundball, 15, EV 90.6 MPH)
|
Bottom of the 8th over - 0 runs, 1 hit, 0 errors, 1 left on base; Jacksonville 3 - Tennessee 1 |
TOP OF THE 9TH |
Jacksonville Suns batting - Pitching for Tennessee Smokies : RHP Jean-Paul Lefebvre
|
Batting: LHB Gustavo Patella
|
0-0: Ground out 4-3 (Groundball, 4, EV 98.1 MPH)
|
Batting: LHB Jose Bregaro
|
0-0: Ball 1-0: Ball 2-0: Called Strike 2-1: Foul Ball, location: 2F 2-2: Ball 3-2: SINGLE (Flyball, 7S, EV 88.1 MPH)
|
Batting: LHB Mike Kara
|
0-0: Ball Jose Bregaro steals 2nd base 1-0: Ball 2-0: Ball 3-0: Base on Balls
|
Batting: LHB Chris Jonas
|
0-0: Foul Ball, location: 2F 0-1: Ball 1-1: Grounds into double play, 4-6-3 (Groundball, 4, EV 83.1 MPH)
|
Top of the 9th over - 0 runs, 1 hit, 0 errors, 1 left on base; Jacksonville 3 - Tennessee 1 |
BOTTOM OF THE 9TH |
Tennessee Smokies batting - Pitching for Jacksonville Suns : RHP Javy Balderrama
|
Pitching: RHP J.P. Wilson
|
|
Batting: RHB Nick Kleckner
|
0-0: Ball 1-0: DOUBLE (Groundball, 5L, EV 97.5 MPH)
|
Pinch Hitting: LHB Brian Newton
|
0-0: Ball 1-0: Ball 2-0: Foul Ball, location: 2F 2-1: Swinging Strike 2-2: Ball 3-2: Base on Balls
|
Batting: RHB Dylan Burke
|
0-0: Ball 1-0: Ball 2-0: Called Strike 2-1: Ball 3-1: Bunted foul 3-2: Strikes out swinging
|
Batting: RHB John Iddings
|
0-0: Ball 1-0: Foul Ball, location: 2F 1-1: Ball 2-1: Grounds into double play, 5-4-3 (Groundball, 56, EV 88.8 MPH)
|
Bottom of the 9th over - 0 runs, 1 hit, 0 errors, 1 left on base; Jacksonville 3 - Tennessee 1 |
|